 Dungeon Crawl Stone Soup version 0.30-a0-883-g5ad918d77d (webtiles) character file.

Game seed: 5422709850725358095

70 Pimp the Firebug (level 4, 0/32 HPs)
             Began as a Demonspawn Fire Elementalist on Mar 16, 2023.
             Succumbed to a goblin's poison
             ... on level 2 of the Dungeon.
             The game lasted 00:03:53 (1100 turns).

Pimp the Firebug (Demonspawn Fire Elementalist)     Turns: 1100, Time: 00:03:54

Health: 0/32       AC:  5    Str: 10    XL:     4   Next: 3%
Magic:  7/7        EV: 12    Int: 16    God:
Gold:   98         SH:  0    Dex: 14    Spells: 6/7 levels left

rFire   . . .      SeeInvis .    g - +1 long sword
rCold   + . .      Faith    .    (no shield)
rNeg    + . .      Spirit   .    a - +0 robe
rPois   .          Reflect  .    (helmet restricted)
rElec   .          Rampage  .    j - +1 cloak
rCorr   .                        (no gloves)
Will    .....                    k - +0 pair of boots
Stlth   ++                       (no amulet)
HPRegen 0.25/turn                c - ring of protection from cold
MPRegen 0.10/turn                d - ring of positive energy

@: mighty, lethally poisoned (0 -> -8), hasted, very quick
A: horns 1, foul stench 1
a: no special abilities


You were on level 2 of the Dungeon.
You visited 1 branch of the dungeon, and saw 2 of its levels.

You collected 98 gold pieces.

Inventory:

Hand Weapons
 g - a +1 long sword (weapon)
Armour
 a - a +0 robe (worn)
 j - a +1 cloak (worn)
 k - a +0 pair of boots (worn)
Jewellery
 c - a ring of protection from cold (left hand)
 d - a ring of positive energy (right hand)
Scrolls
 l - a scroll of identify {unknown}
Potions
 b - a potion of magic
 f - a potion of might
 h - a potion of haste
 i - a potion of brilliance {unknown}
 m - a potion of invisibility {unknown}


   Skills:
 + Level 1.0 Fighting
 + Level 0.8 Long Blades
 + Level 2.2 Dodging
 + Level 2.2 Stealth
 + Level 2.4 Spellcasting
 + Level 1.6 Conjurations
 + Level 3.0 Fire Magic


You had 6 spell levels left.
You knew the following spells:

 Your Spells              Type           Power      Damage    Failure   Level
a - Foxfire               Conj/Fire      36%        2x1d5     8%          1

Your spell library contained the following spells:

 Spells                   Type           Power      Damage    Failure   Level
 Scorch                   Fire           22%        2d6       9%          2
 Inner Flame              Hex/Fire       6%         N/A       32%         3
 Kindle Blastsparks       Fire/Tloc/Air  10%        2d10      36%         3
 Flame Wave               Conj/Fire      9%         2d6       58%         4


Dungeon Overview and Level Annotations

Branches:
Dungeon (2/15)

Altars:

Shops:
D:2 [

Annotations:
D:2 Robin


Innate Abilities, Weirdness & Mutations

You have a pair of small horns on your head.
You may rarely emit foul miasma when damaged in melee.


Message History

As you read the scroll labelled NENAFF WEALANT, it crumbles to dust.
It is a scroll of enchant weapon.
Your +0 long sword glows red for a moment.
The goblin hits you with a +0 club.
* * * LOW HITPOINT WARNING * * *
You hit the goblin.
The goblin is severely wounded.
Robin throws the goblin at you! The goblin closely misses you.
The goblin hits you but does no damage.
It was a potion of might.
You feel very mighty all of a sudden. The goblin hits you with a +0 club.
* * * LOW HITPOINT WARNING * * *
The goblin hits you but does no damage.
You slash the goblin!
You kill the goblin!
A goblin comes into view. It is wielding a +0 dagger of venom.
The goblin hits you but does no damage.
Your Fighting skill increases to level 1!
Things that are here:
a +0 dagger; a goblin corpse You hit the goblin.
You kill the goblin!
Robin throws the goblin at you! The goblin misses you. x2
You have reached level 4!
You feel agile.
Your demonic ancestry asserts itself...
A pair of horns grows on your head!
You barely miss the goblin. Your headbutt misses the goblin.
The hobgoblin hits you but does no damage.
The goblin hits you but does no damage.
You are lethally poisoned!
You hit the goblin.
You kill the goblin!
* * * LOW HITPOINT WARNING * * *
You feel very sick. Robin throws the goblin at you! The hobgoblin hits you.
* * * LOW HITPOINT WARNING * * *
The goblin closely misses you.
It was a potion of haste.
You feel yourself speed up.
You die...

##.......'########'..#
##.<......#........#..#
#.)###....#.'####'.#..#
..## #.##.#.#....#.#..#
## #.##.#.#.##.#.#..#
#.##.#.#.##.#.#...
######.##.#.#....#.#....
.....#<...#)g####+.#...w
###.......#).Sgg@g.#
....##.##.'########+
######.##.........
#..##)#..S...
##..#.#..#... #..g#
#.... ###g+ ... #.# ...
..g .~


You could see Robin, an adder, 2 hobgoblins and a goblin (strong).

Vanquished Creatures
  Natasha (D:2)
  3 endoplasms (D:1)
  3 giant cockroaches (D:1)
  10 goblins
  A hobgoblin (D:2)
  4 jackals (D:1)
  3 kobolds
  A quokka (D:1)
  8 bats
  2 frilled lizards
  3 rats
39 creatures vanquished.

Vanquished Creatures (others)
  36 foxfires
36 creatures vanquished.

Grand Total: 75 creatures vanquished

Notes
Turn   | Place    | Note
-------+----------+-------------------------------------------
     0 | D:1      | Pimp the Demonspawn Fire Elementalist began the quest for
                  | the Orb.
     0 | D:1      | Reached XP level 1. HP: 13/13 MP: 3/3
   348 | D:1      | Gained mutation: You may rarely emit foul miasma when
                  | damaged in melee. [demonic ancestry]
   348 | D:1      | Reached XP level 2. HP: 18/19 MP: 5/5
   904 | D:2      | Found Vuniff's Antique Armour Boutique.
   954 | D:2      | Reached XP level 3. HP: 24/25 MP: 6/6
  1015 | D:2      | Noticed Natasha
  1023 | D:2      | Killed Natasha
  1024 | D:2      | Reached skill level 3 in Fire Magic
  1071 | D:2      | Noticed Robin
  1096 | D:2      | Reached skill level 1 in Fighting
  1098 | D:2      | Gained mutation: You have a pair of small horns on your
                  | head. [demonic ancestry]
  1098 | D:2      | Reached XP level 4. HP: 7/32 MP: 7/7
  1099 | D:2      | HP: 1/32 [hobgoblin[Robin] (2)]
  1100 | D:2      | Succumbed to a goblin's poison

Illustrated notes

Levels and vault maps discovered:
D:1:      shiori_shiawase, layout_loops_cross
D:2:      layout_rooms, serial_shops, nicolae_shop_behind_doors,
          nicolae_shop_waterfront, shop_fountains,
          hangedman_abyss_or_decor_lesser_grid, minivault_11,
          kennysheep_nondescript, minmay_pentomino_r2, uniq_natasha, uniq_robin

Skill      XL: |  1  2  3 |
---------------+----------+-----
Dodging        | 2 |  2.2
Stealth        | 2 |  2.2
Fire Magic     | 3 |  3.0
Fighting       | 1 |  1.0
Long Blades    | |  0.8
Spellcasting   | |  2.4
Conjurations   | |  1.6

Action                     |  1- 3 |  4- 6 || total
---------------------------+-------+-------++-------
  Melee: Long sword        |    65 |     2 ||    67
         Unarmed           |     3 |       ||     3
   Cast: Foxfire           |    31 |       ||    31
    Use: Scroll            |     4 |       ||     4
         Potion            |     1 |     1 ||     2
   Stab: Sleeping          |     1 |       ||     1
 Armour: Robe              |    53 |     3 ||    56
  Dodge: Dodged            |   103 |     1 ||   104

Table legend: (Time is in decaauts)
 A = Elapsed time spent in this place.
 B = Non-inter-level travel time spent in this place.
 C = Inter-level travel time spent in this place.
 D = Time resting spent in this place.
 E = Time spent auto-exploring this place.
 F = Levels seen in this place.
 G = Mean time per level.
                   A        B        C        D        E       F      G
               +--------+--------+--------+--------+--------+-----+--------+
         Total |   1123 |   1104 |     19 |     91 |    681 |   2 |  561.5 |
       Dungeon |   1123 |   1104 |     19 |     91 |    681 |   2 |  561.5 |
               +--------+--------+--------+--------+--------+-----+--------+

Top non-repeatable levels by time:
     D:1: 865 daAuts
     D:2: 258 daAuts
